 Dungeon Crawl Stone Soup version 0.21.0-3-g78d12a8bdd (webtiles) character file.

6717 NullDivider the Covert (level 11, -22/74 HPs)
             Began as an Octopode Artificer on Jan 10, 2018.
             Was a Believer of Nemelex Xobeh.
             Killed from afar by a hell hog (30 damage)
             ... with a fireball
             ... on level 9 of the Dungeon.
             The game lasted 00:51:02 (11625 turns).

NullDivider the Covert (Octopode Artificer)        Turns: 11625, Time: 00:51:04

Health: -22/74     AC:  1    Str: 11    XL:     11   Next: 4%
Magic:  16/16      EV: 22    Int: 17    God:    Nemelex Xobeh [**....]
Gold:   390        SH:  0    Dex: 16    Spells: 10/10 levels left

rFire    . . .     SeeInvis .   O - +0 dagger (chaos)
rCold    . . .     Gourm    .   (no shield)
rNeg     . . .     Faith    .   (helmet restricted)
rPois    .         Spirit   .   (no amulet)
rElec    .         Reflect  .   e - +3 ring of intelligence
rCorr    .         Harm     .   x - ring of protection from magic
MR       +....                  b - +2 ring of evasion
Stlth    ++++++....             (no ring)
HPRegen  0.22/turn              (no ring)
MPRegen  0.15/turn              (no ring)
                                (no ring)
                                (no ring)

@: no status effects
A: almost no armour, stealthy swim, amphibious, 8 rings, constrict 8, camouflage
1, gelatinous body 1
a: Renounce Religion


You were on level 9 of the Dungeon.
You worshipped Nemelex Xobeh.
Nemelex Xobeh was pleased with you.
You were not hungry.

You visited 2 branches of the dungeon, and saw 10 of its levels.
You also visited: Ossuary.

You collected 560 gold pieces.
You spent 170 gold pieces at shops.

Inventory:

Hand Weapons
 h - a +1 short sword of protection
 l - a +2 short sword of holy wrath
 L - a +0 dagger of pain
 O - a +0 dagger of chaos (weapon)
Jewellery
 b - a +2 ring of evasion (on tentacle)
 e - a +3 ring of intelligence (left tentacle)
 x - a ring of protection from magic (right tentacle)
Wands
 a - a wand of flame (17)
 c - a wand of enslavement (3)
 d - a wand of random effects (8)
 y - a wand of acid (22)
 K - a wand of iceblast (9)
Scrolls
 g - 2 scrolls of immolation {unknown}
 j - 2 scrolls of fog {unknown}
 k - 4 scrolls of teleportation
 p - 2 scrolls of fear
 q - a scroll of noise {unknown}
 r - a scroll of silence {unknown}
 t - a scroll of amnesia {unknown}
 u - 3 scrolls of enchant weapon
 E - a scroll of blinking {unknown}
 F - a scroll of enchant armour {unknown}
 I - 3 scrolls of magic mapping
 J - a scroll of holy word {unknown}
 N - a scroll of remove curse
Potions
 i - 4 potions of cancellation {unknown}
 m - 2 potions of brilliance {unknown}
 n - 2 potions of ambrosia {unknown}
 o - 2 potions of resistance {unknown}
 s - 4 potions of heal wounds
 v - a potion of invisibility
 w - 3 potions of curing
 z - 5 potions of berserk rage
 A - 2 potions of lignification
 C - 2 potions of mutation {unknown}
 G - a potion of haste {unknown}
 H - 4 potions of agility {unknown}
 P - a potion of flight {unknown}
Books
 B - a book of Minor Magic

   Spells                             Type                      Level
   a - Magic Dart                     Conjuration                  1
   b - Blink                          Translocation                2
   c - Call Imp                       Summoning                    2
   d - Slow                           Hexes                        2
   e - Conjure Flame                  Conjuration/Fire             3
   f - Mephitic Cloud                 Conjuration/Poison/Air       3
Miscellaneous
 D - a plain deck of destruction {drawn: 8}
 M - a plain deck of destruction
Comestibles
 f - 16 rations


   Skills:
 + Level 6.4 Fighting
 + Level 6.3 Short Blades
 * Level 9.4 Dodging
 + Level 11.4 Stealth
 + Level 7.8 Evocations


You had 10 spell levels left.
You didn't know any spells.

Dungeon Overview and Level Annotations

Branches:
Dungeon (9/15)             Temple (1/1) D:6            Lair (0/6) D:9
    Orc: D:9-12

Altars:
Ashenzari
Cheibriados
Dithmenos
Elyvilon
Fedhas
Gozag
Hepliaklqana
Kikubaaqudgha
Makhleb
Nemelex Xobeh
Okawaru
Qazlal
Ru
Sif Muna
Trog
Uskayaw
Vehumet
Wu Jian
Xom
Yredelemnul
Zin
The Shining One

Shops:
D:8 (?


Innate Abilities, Weirdness & Mutations

You cannot wear most types of armour.
You are very stealthy in the water. (Stealth+)
You are amphibious.
You can wear up to eight rings at the same time.
You can use your tentacles to constrict eight enemies at once.
Your skin changes colour to match your surroundings (Stealth+).
Your rubbery body absorbs attacks. (AC +1, EV +1)


Message History

The porcupine bites your wyvern skeleton!
The hell hog barely misses your wyvern skeleton.
Your wyvern skeleton closely misses the porcupine.
Your wyvern skeleton misses the porcupine.
Something bites your wyvern skeleton.
The porcupine bites your wyvern skeleton!
Your wyvern skeleton is destroyed!
The wyvern skeleton completely misses you.
Evoke which item? (* to show all) (? for menu, Esc to quit)
Aiming: Enslavement
Press: ? - help, Shift-Dir - straight line, f/p - wyvern skeleton
Aim: a wyvern skeleton (lightly damaged, chance to defeat MR: 78%)
The wyvern skeleton is charmed.
The hell hog breathes fire at you.
The fireball explodes!
The fireball engulfs your wyvern skeleton.
The fireball engulfs the hell hog.
The hell hog resists.
The fireball engulfs you!
You die...
Your body glows slightly and disappears.

.# #..# #..# #...# .# #..#
#..# #...# #..# .# #..#
#..# #.<.# #..# .# #..#
#..# #...# #..# .# #..#
#..# #...# #..# .# #..#
#..# #...# #..# .# #..#
#..# #...# #..# .#
#..#####.h###...# #..#
.#####.........Z@....###..#
..........................#
###########################


You could see a hell hog and a friendly wyvern skeleton.

Vanquished Creatures
  Pikel (D:7)
  Joseph (D:7)
  Psyche (D:8)
  A hippogriff (D:8)
  Sigmund (D:5)
  A basilisk (D:9)
  A hungry ghost (D:8)
  Menkaure (D:6)
  The ghost of Tynka the Sneak, an amateur OpAs (D:3)
  Duvessa (D:4)
  A porcupine (D:8)
  4 orc warriors (D:8)
  A slave (D:7)
  2 ogres (D:4)
  2 phantoms (D:6)
  3 sky beasts
  A boggart (shapeshifter) (D:9)
  2 crocodiles (D:9)
  4 centaurs
  A big kobold (D:8)
  5 bullfrogs
  An elf zombie (D:8)
  An elf skeleton (D:8)
  Blork the orc (D:4)
  5 scorpions
  3 wights (D:6)
  A howler monkey (D:8)
  5 crimson imps
  4 hounds
  3 bullfrog skeletons
  A gnoll shaman (D:8)
  4 orc priests (D:8)
  Crazy Yiuf (D:7)
  2 human skeletons (D:8)
  Natasha (thrice) (D:4)
  3 iguanas
  5 orc wizards
  3 worker ants
  A killer bee zombie (D:9)
  A big kobold zombie (Ossuary)
  8 mummies (Ossuary)
  A worker ant zombie (D:8)
  3 gnolls (D:8)
  A howler monkey skeleton (D:6)
  6 adders
  3 shadow imps
  2 oozes (D:2)
  An adder zombie (D:6)
  2 adder skeletons
  3 worms
  A dart slug (D:2)
  6 leopard geckos
  28 orcs
  A ball python (D:2)
  4 giant cockroaches
  2 gnoll zombies (Ossuary)
  3 goblins
  5 hobgoblins
  16 jackals
  2 quokkas
  3 bats
  5 frilled lizards
  A hobgoblin zombie (Ossuary)
  15 kobolds
  A kobold zombie (Ossuary)
  A leopard gecko skeleton (D:5)
  A leopard gecko zombie (D:5)
  2 orc skeletons (D:8)
  3 orc zombies (Ossuary)
  5 rats
219 creatures vanquished.

Vanquished Creatures (collateral kills)
  A two-headed ogre (D:8)
  A necrophage (D:8)
  Dowan (D:4)
  An orc priest (D:4)
  A jelly (D:8)
  A hound (D:8)
  An orc wizard (D:8)
  4 orcs
11 creatures vanquished.

Vanquished Creatures (others)
  A sky beast (D:8)
  A wyvern skeleton (D:9)
  An adder zombie (D:7)
  3 fungi (D:9)
  2 plants (D:9)
8 creatures vanquished.

Grand Total: 238 creatures vanquished

Notes
Turn   | Place    | Note
-------+----------+-------------------------------------------
     0 | D:1      | NullDivider the Octopode Artificer began the quest for the Orb.
     0 | D:1      | Reached XP level 1. HP: 13/13 MP: 3/3
   282 | D:1      | Reached XP level 2. HP: 3/18 MP: 4/4
   561 | D:1      | Reached skill level 2 in Stealth
   906 | D:1      | Reached XP level 3. HP: 16/23 MP: 5/5
  1331 | D:2      | Found a bloodstained altar of Trog.
  1369 | D:2      | Found a sacrificial altar of Ru.
  1691 | D:2      | Reached skill level 3 in Stealth
  1869 | D:2      | Found an ancient bone altar of Kikubaaqudgha.
  1895 | D:2      | Reached XP level 4. HP: 29/29 MP: 6/6
  2087 | D:3      | Found a glowing golden altar of the Shining One.
  2309 | D:3      | Noticed Tynka's ghost (amateur OpAs)
  2323 | D:3      | Killed Tynka's ghost
  2323 | D:3      | Reached skill level 4 in Stealth
  2323 | D:3      | Reached XP level 5. HP: 24/34 MP: 7/7
  2485 | D:3      | Reached XP level 6. HP: 39/39 MP: 8/8
  3213 | D:4      | Noticed Natasha
  3214 | D:4      | Noticed Dowan
  3228 | D:4      | Killed Natasha
  3229 | D:4      | Noticed Duvessa
  3238 | D:4      | Reached skill level 5 in Stealth
  3253 | D:4      | Killed Dowan
  3468 | D:4      | Noticed Natasha
  3491 | D:4      | You fall through a shaft for 2 floors!
  3582 | D:6      | Reached XP level 7. HP: 11/45 MP: 10/10
  3879 | D:6      | Reached skill level 6 in Stealth
  4026 | D:5      | Entered Level 5 of the Dungeon
  4317 | D:4      | Found a snail-covered altar of Cheibriados.
  4499 | D:4      | Killed Duvessa
  4499 | D:4      | Reached skill level 5 in Dodging
  4499 | D:4      | Reached XP level 8. HP: 37/52 MP: 11/11
  4601 | D:4      | Reached skill level 7 in Stealth
  4612 | D:4      | Killed Natasha
  4664 | D:4      | Noticed Natasha
  4676 | D:4      | Killed Natasha
  5062 | D:4      | Reached skill level 5 in Evocations
  5193 | D:4      | Noticed Blork the orc
  5364 | D:4      | Killed Blork the orc
  5741 | D:5      | Noticed Sigmund
  5745 | D:5      | Killed Sigmund
  5745 | D:5      | Reached skill level 8 in Stealth
  6080 | D:5      | Reached XP level 9. HP: 58/58 MP: 13/13
  6253 | D:6      | Noticed Menkaure
  6256 | D:6      | Killed Menkaure
  6256 | D:6      | Reached skill level 9 in Stealth
  6907 | D:6      | Found a staircase to the Ecumenical Temple.
  6917 | Temple   | Entered the Ecumenical Temple
  6936 | Temple   | Became a worshipper of Nemelex Xobeh the Trickster
  6954 | Temple   | Received a gift from Nemelex Xobeh
  7473 | D:7      | Noticed Pikel
  7482 | D:7      | Killed Pikel
  7526 | D:7      | Found a shadowy altar of Dithmenos.
  7591 | D:7      | Noticed Joseph
  7606 | D:7      | Killed Joseph
  7606 | D:7      | Reached skill level 5 in Fighting
  7606 | D:7      | Reached skill level 5 in Short Blades
  7606 | D:7      | Reached skill level 10 in Stealth
  7907 | D:7      | Reached * piety under Nemelex Xobeh
  8257 | D:7      | Found a runed door.
  8261 | D:7      | Noticed Crazy Yiuf
  8265 | D:7      | Killed Crazy Yiuf
  8502 | D:8      | Reached XP level 10. HP: 66/66 MP: 14/14
  8666 | D:8      | Found a sand-covered staircase.
  8678 | Ossuary  | Entered an ossuary
  9449 | D:8      | Noticed a two-headed ogre
  9470 | D:8      | Killed a two-headed ogre
  9647 | D:8      | Reached skill level 11 in Stealth
  9689 | D:8      | Found Sasoaxoh's Antique Weapon Emporium.
  9708 | D:8      | Bought a runed dagger for 125 gold pieces
  9864 | D:8      | Received a gift from Nemelex Xobeh
  9991 | D:9      | Found a staircase to the Lair.
 10536 | D:8      | Found Tolydghu's Magic Scroll Boutique.
 10540 | D:8      | Bought a scroll of magic mapping for 45 gold pieces
 10565 | D:8      | Noticed Psyche
 10577 | D:8      | Killed Psyche
 11147 | D:9      | Reached ** piety under Nemelex Xobeh
 11503 | D:9      | Reached XP level 11. HP: 63/73 MP: 16/16
 11588 | D:9      | Noticed a rakshasa
 11604 | D:9      | Noticed a hell hog
 11604 | D:9      | a rakshasa changed into a hell hog
 11625 | D:9      | Killed from afar by a hell hog

Skill      XL: |  1  2  3  4  5  6  7  8  9 10 |
---------------+-------------------------------+-----
Stealth        | 2 3 4 5 6 8 10 11 | 11.4
Dodging        | 3 4 5 6 7 9 |  9.4
Fighting       | 2 3 4 5 6 |  6.4
Short Blades   | 2 3 4 5 6 |  6.3
Evocations     | 4 5 6 7 |  7.8

Action                   |  1- 3 |  4- 6 |  7- 9 | 10-12 || total
-------------------------+-------+-------+-------+-------++-------
Melee: Short sword       |    82 |    67 |   246 |   214 ||   609
       Tentacles         |    17 |    13 |    54 |    66 ||   150
       Constrict         |    21 |    14 |    47 |    47 ||   129
       Dagger            |       |       |    39 |    53 ||    92
Evoke: Wand              |       |    27 |     6 |     7 ||    40
       Deck              |       |       |     1 |     7 ||     8
  Use: Scroll            |       |       |     6 |     6 ||    12
       Potion            |       |       |       |     1 ||     1
 Stab: Sleeping          |    13 |     7 |    25 |    18 ||    63
       Distracted        |       |       |     1 |     1 ||     2
       Petrifying        |       |       |       |     1 ||     1
  Eat: Chunk             |     3 |     5 |    12 |    10 ||    30
       Ration            |       |       |     1 |       ||     1
Armor: Skin              |     9 |    11 |    29 |    24 ||    73
Dodge: Dodged            |    31 |    51 |   131 |   162 ||   375
